cohdb
Replays
Latest Replays
All Replays
Popular Replays
Top Player Replays
Match Explorer
How It Works
Community
CoH3 Stats
Reddit
Sign in to upload your games and track your stats! →
Sign in with Steam
Match 42224882
Unlisted
Match 42224882
Overview
Messages
Build Orders
End
Kettenkrad Recon Vehicle
Construct Infanterie Kompanie
MG 42 Machine Gun Team
Grenadier Squad
Grenadier Squad
Construct Panzergrenadier Kompanie
251 Medium Carrier
Panzergrenadier Squad
Construct Panzer Kompanie
Panzer IV Medium Tank
Side Skirts
Panzer IV Medium Tank
Selects Terror Battlegroup
Selects Machine Gun Camouflage
Selects Defend the Fatherland
Pioneer Squad
wila
LittleFatty233
打精锐的李云龙!
滑落的照片让我变沉默
艾尔文
柠檬冰茶
threestars
新世紀福德正神 (Orange)
0
0
Comments
sign in to comment!
No comments posted yet!